3A
ALAMEDA AIRMEN @ KINGSTON MANGOS
08/08/2042
 
TOP OF THE 1ST
Alameda Airmen batting - Pitching for Kingston Mangos : RHP Jim Murray
Pitching: RHP Jim Murray
Batting: LHB Tonito Gomez 0-0: Swinging Strike
0-1: Foul Ball, location: 2F
0-2: Strikes out swinging
Batting: LHB Desi Liñares 0-0: Ground out 4-3 (Groundball, 4, EV 86.9 MPH)
Batting: RHB Roberto Berganza 0-0: Ground out 6-3 (Groundball, 6D, EV 105.6 MPH)
Top of the 1st over - 0 runs, 0 hits, 0 errors, 0 left on base; Alameda 0 - Kingston 0
BOTTOM OF THE 1ST
Kingston Mangos batting - Pitching for Alameda Airmen : RHP Borisav Gojkovic
Pitching: RHP Borisav Gojkovic
Batting: RHB George Lewis 0-0: Ball
1-0: Foul Ball, location: 2F
1-1: Ball
2-1: DOUBLE (Groundball, 5L, EV 103.1 MPH)
Batting: RHB Banu Judham 0-0: Ball
1-0: Ball
2-0: Fly out, F9 (Line Drive, 9, EV 100.6 MPH)
Batting: LHB Jose Asuncion 0-0: Called Strike
0-1: Ball
1-1: Fly out, F8 (Flyball, 8RS, EV 90.6 MPH)
Batting: SHB Miguel Lajara 0-0: Ground out 4-3 (Groundball, 4, EV 93.8 MPH)
Bottom of the 1st over - 0 runs, 1 hit, 0 errors, 1 left on base; Alameda 0 - Kingston 0
TOP OF THE 2ND
Alameda Airmen batting - Pitching for Kingston Mangos : RHP Jim Murray
Batting: RHB Héctor Heredice 0-0: Foul Ball, location: 2F
0-1: Ball
1-1: Ball
2-1: Foul Ball, location: 2F
2-2: Ball
3-2: Base on Balls
Batting: LHB Xue-qin Chen 0-0: Ground out 3-1 (Groundball, 34S, EV 70.0 MPH)
Héctor Heredice to second
Batting: RHB César Jiménez 0-0: Foul Ball, location: 2F
0-1: Ball
1-1: Swinging Strike
1-2: Foul Ball, location: 2F
1-2: Foul Ball, location: 2F
1-2: Ball
2-2: Foul Ball, location: 2F
2-2: DOUBLE (Line Drive, 9LS, EV 105.0 MPH)
Héctor Heredice scores
Batting: RHB Augusto Hernández 0-0: Called Strike
0-1: Ball
1-1: Foul Ball, location: 2F
1-2: Ball
2-2: Ground out 5-3 (Groundball, 56S, EV 63.8 MPH)
César Jiménez to third
Batting: SHB Jaime Juárez 0-0: Ball
1-0: Ball
2-0: Foul Ball, location: 2F
2-1: Ball
3-1: Called Strike
3-2: SINGLE (Groundball, 34D, EV 97.5 MPH)
César Jiménez scores
Batting: RHB Joon-suk Kim 0-0: Called Strike
0-1: Called Strike
0-2: Foul Ball, location: 2F
0-2: Ball
1-2: Foul Ball, location: 2F
1-2: Foul Ball, location: 2F
1-2: Foul Ball, location: 2F
1-2: Fly out, F8 (Flyball, 8LD, EV 105.0 MPH)
Top of the 2nd over - 2 runs, 2 hits, 0 errors, 1 left on base; Alameda 2 - Kingston 0
BOTTOM OF THE 2ND
Kingston Mangos batting - Pitching for Alameda Airmen : RHP Borisav Gojkovic
Batting: RHB Harald Tijl 0-0: Fly out, F3 (Line Drive, 4, EV 70.6 MPH)
Batting: LHB Dong-min Ch'oe 0-0: Swinging Strike
0-1: Foul Ball, location: 2F
0-2: Strikes out looking
Batting: RHB Vaclav Steur 0-0: Called Strike
0-1: Ball
1-1: Ball
2-1: Ball
3-1: Called Strike
3-2: Foul Ball, location: 2F
3-2: Foul Ball, location: 2F
3-2: SINGLE (Groundball, 56D, EV 105.0 MPH)
Batting: RHB Alfredo López 0-0: Ball
1-0: Foul Ball, location: 2F
1-1: Ball
2-1: Swinging Strike
2-2: Foul Ball, location: 2F
2-2: Ball
3-2: Ground out 5-3 (Groundball, 56, EV 80.6 MPH)
Bottom of the 2nd over - 0 runs, 1 hit, 0 errors, 1 left on base; Alameda 2 - Kingston 0
TOP OF THE 3RD
Alameda Airmen batting - Pitching for Kingston Mangos : RHP Jim Murray
Pitching: RHP Jean Mercier
Batting: LHB Tonito Gomez 0-0: Swinging Strike
0-1: Swinging Strike
0-2: Ball
1-2: Ball
2-2: Foul Ball, location: 2F
2-2: Ball
3-2: Strikes out swinging
Batting: LHB Desi Liñares 0-0: Foul Ball, location: 2F
0-1: Ball
1-1: DOUBLE (Line Drive, 3D, EV 98.8 MPH)
Batting: RHB Roberto Berganza 0-0: Called Strike
0-1: Swinging Strike
0-2: Strikes out swinging
Batting: RHB Héctor Heredice 0-0: Called Strike
0-1: Foul Ball, location: 2F
0-2: SINGLE (Groundball, 6MD, EV 94.4 MPH)
Desi Liñares to third
Runner from 3rd tries for Home, SAFE, no throw by CF
Batting: LHB Xue-qin Chen 0-0: Ball
1-0: Ball
2-0: Fly out, F8 (Flyball, 8RM, EV 82.5 MPH)
Top of the 3rd over - 1 run, 2 hits, 0 errors, 1 left on base; Alameda 3 - Kingston 0
BOTTOM OF THE 3RD
Kingston Mangos batting - Pitching for Alameda Airmen : RHP Borisav Gojkovic
Batting: RHB Kung Wa 0-0: Ball
1-0: SINGLE (Groundball, 6, EV 83.1 MPH) (infield hit)
Batting: RHB George Lewis 0-0: Called Strike
0-1: Foul Ball, location: 2F
0-2: Foul Ball, location: 2F
0-2: Ball
1-2: Ball
2-2: Foul Ball, location: 2F
2-2: Strikes out swinging
Batting: RHB Banu Judham 0-0: Ball
1-0: Ball
2-0: Ball
3-0: Base on Balls
Kung Wa to second
Batting: LHB Jose Asuncion 0-0: Fielders Choice at 2nd, 4-6 (Groundball, 4, EV 90.0 MPH)
Kung Wa to third
Batting: SHB Miguel Lajara 0-0: Foul Ball, location: 2F
0-1: Swinging Strike
0-2: Ball
1-2: Ball
2-2: SINGLE (Line Drive, 78S, EV 98.1 MPH)
Kung Wa scores
Jose Asuncion to second
Batting: RHB Harald Tijl 0-0: Ball
1-0: Ball
2-0: SINGLE (Flyball, 7S, EV 81.9 MPH)
Jose Asuncion to third
Miguel Lajara to second
Runner from 3rd tries for Home, SAFE, no throw by LF
Batting: LHB Dong-min Ch'oe 0-0: Ball
1-0: Called Strike
1-1: Ground out U3 (Groundball, 34, EV 107.5 MPH)
Bottom of the 3rd over - 2 runs, 3 hits, 0 errors, 2 left on base; Alameda 3 - Kingston 2
TOP OF THE 4TH
Alameda Airmen batting - Pitching for Kingston Mangos : RHP Jean Mercier
Batting: RHB César Jiménez 0-0: Called Strike
0-1: Fly out, F7 (Line Drive, 7, EV 99.4 MPH)
Batting: RHB Augusto Hernández 0-0: Ball
1-0: Ball
2-0: Ball
3-0: Called Strike
3-1: Foul Ball, location: 2F
3-2: Strikes out looking
Batting: SHB Jaime Juárez 0-0: Ball
1-0: Ground out 1-3 (Groundball, P, EV 80.0 MPH)
Top of the 4th over - 0 runs, 0 hits, 0 errors, 0 left on base; Alameda 3 - Kingston 2
BOTTOM OF THE 4TH
Kingston Mangos batting - Pitching for Alameda Airmen : RHP Borisav Gojkovic
Batting: RHB Vaclav Steur 0-0: Ball
1-0: Ball
2-0: Ball
3-0: Called Strike
3-1: Swinging Strike
3-2: Ground out 6-3 (Groundball, 6, EV 79.4 MPH)
Batting: RHB Alfredo López 0-0: Called Strike
0-1: Ball
1-1: Called Strike
1-2: Ball
2-2: Strikes out swinging
Batting: RHB Kung Wa 0-0: Ground out 6-3 (Groundball, 6, EV 92.5 MPH)
Bottom of the 4th over - 0 runs, 0 hits, 0 errors, 0 left on base; Alameda 3 - Kingston 2
TOP OF THE 5TH
Alameda Airmen batting - Pitching for Kingston Mangos : RHP Jean Mercier
Batting: RHB Joon-suk Kim 0-0: Ball
1-0: Called Strike
1-1: Foul Ball, location: 2F
1-2: Ground out U3 (Groundball, 34, EV 93.1 MPH)
Batting: LHB Tonito Gomez 0-0: Ball
1-0: Ball
2-0: Foul Ball, location: 2F
2-1: Ball
3-1: Base on Balls
Batting: LHB Desi Liñares 0-0: Swinging Strike
0-1: Ball
1-1: Grounds into double play, 4-6-3 (Groundball, 4, EV 90.6 MPH)
Top of the 5th over - 0 runs, 0 hits, 0 errors, 0 left on base; Alameda 3 - Kingston 2
BOTTOM OF THE 5TH
Kingston Mangos batting - Pitching for Alameda Airmen : RHP Borisav Gojkovic
Batting: RHB George Lewis 0-0: Called Strike
0-1: Foul Ball, location: 2F
0-2: Foul Ball, location: 2F
0-2: Foul Ball, location: 2F
0-2: Strikes out swinging
Batting: RHB Banu Judham 0-0: Fly out, F8 (Flyball, 8LXD, EV 100.6 MPH)
Batting: LHB Jose Asuncion 0-0: Fly out, F9 (Flyball, 9S, EV 90.6 MPH)
Bottom of the 5th over - 0 runs, 0 hits, 0 errors, 0 left on base; Alameda 3 - Kingston 2
TOP OF THE 6TH
Alameda Airmen batting - Pitching for Kingston Mangos : RHP Jean Mercier
Batting: RHB Roberto Berganza 0-0: Ball
1-0: Foul Ball, location: 2F
1-1: Ball
2-1: Swinging Strike
2-2: Strikes out swinging
Batting: RHB Héctor Heredice 0-0: Fly out, F8 (Flyball, 78S, EV 90.6 MPH)
Batting: LHB Xue-qin Chen 0-0: Foul Ball, location: 2F
0-1: Ball
1-1: Called Strike
1-2: DOUBLE (Line Drive, 89D, EV 108.8 MPH)
Pinch Runner at 2nd Millard Morris:
Batting: RHB César Jiménez 0-0: Called Strike
0-1: Ball
1-1: Foul Ball, location: 2F
1-2: Ball
2-2: Ball
3-2: Foul Ball, location: 2F
3-2: Fly out, F9 (Flyball, 9, EV 93.8 MPH)
Top of the 6th over - 0 runs, 1 hit, 0 errors, 1 left on base; Alameda 3 - Kingston 2
BOTTOM OF THE 6TH
Kingston Mangos batting - Pitching for Alameda Airmen : RHP Borisav Gojkovic
Batting: SHB Miguel Lajara 0-0: Ball
1-0: Foul Ball, location: 2F
1-1: SINGLE (Line Drive, 6D, EV 97.5 MPH)
Batting: RHB Harald Tijl 0-0: Ball
1-0: Ball
2-0: Ball
3-0: Called Strike
3-1: Fly out, F8 (Line Drive, 8LD, EV 86.9 MPH)
Batting: LHB Dong-min Ch'oe 0-0: Ball
1-0: Swinging Strike
1-1: Ball
2-1: Foul Ball, location: 2F
2-2: Ground out 5-3 (Groundball, 5S, EV 71.2 MPH)
Miguel Lajara to second
Batting: RHB Vaclav Steur 0-0: Called Strike
0-1: Called Strike
0-2: Fly out, F9 (Flyball, 89S, EV 88.8 MPH)
Bottom of the 6th over - 0 runs, 1 hit, 0 errors, 1 left on base; Alameda 3 - Kingston 2
TOP OF THE 7TH
Alameda Airmen batting - Pitching for Kingston Mangos : RHP Jean Mercier
Batting: RHB Augusto Hernández 0-0: Called Strike
0-1: Foul Ball, location: 2F
0-2: Ball
1-2: Ball
2-2: Ball
3-2: Base on Balls
Pitching: RHP Alfonso Medina
Batting: SHB Jaime Juárez 0-0: Ball
1-0: Fielders Choice at 2nd, 4-6 (Groundball, 4, EV 105.6 MPH)
Batting: RHB Joon-suk Kim 0-0: Ground out 5-3 (Groundball, 56S, EV 86.9 MPH)
Jaime Juárez to second
Batting: LHB Tonito Gomez 0-0: Ball
Wild Pitch!
Jaime Juárez to third
1-0: Called Strike
1-1: Swinging Strike
1-2: Strikes out looking
Top of the 7th over - 0 runs, 0 hits, 0 errors, 1 left on base; Alameda 3 - Kingston 2
BOTTOM OF THE 7TH
Kingston Mangos batting - Pitching for Alameda Airmen : RHP Borisav Gojkovic
Pitching: LHP Lee Weaver
Batting: RHB Alfredo López 0-0: Foul Ball, location: 2F
0-1: Foul Ball, location: 2F
0-2: Foul Ball, location: 2F
0-2: Ball
1-2: Ball
2-2: Ball
3-2: Fly out, F9 (Flyball, 9LM, EV 87.5 MPH)
Batting: RHB Kung Wa 0-0: Swinging Strike
0-1: Foul Ball, location: 2F
0-2: Ball
1-2: Fly out, F8 (Flyball, 8RM, EV 78.1 MPH)
Batting: RHB George Lewis 0-0: Ball
1-0: Ball
2-0: Called Strike
2-1: Ball
3-1: SINGLE (Line Drive, 89D, EV 100.6 MPH)
Batting: RHB Banu Judham 0-0: Ball
George Lewis steals 2nd base (no throw)
1-0: Foul Ball, location: 2F
1-1: Called Strike
1-2: Ball
2-2: Ground out 5-3 (Groundball, 5S, EV 74.4 MPH)
Bottom of the 7th over - 0 runs, 1 hit, 0 errors, 1 left on base; Alameda 3 - Kingston 2
TOP OF THE 8TH
Alameda Airmen batting - Pitching for Kingston Mangos : RHP Alfonso Medina
Batting: LHB Desi Liñares 0-0: Ball
1-0: Ball
2-0: Foul Ball, location: 2F
2-1: DOUBLE (Line Drive, 89M, EV 96.2 MPH)
Batting: RHB Roberto Berganza 0-0: Ball
1-0: Called Strike
1-1: Called Strike
1-2: Strikes out looking
Batting: RHB Héctor Heredice 0-0: Ball
1-0: Swinging Strike
1-1: Ball
2-1: Called Strike
2-2: SINGLE (Line Drive, 6MD, EV 93.8 MPH)
Desi Liñares to third
Batting: RHB Millard Morris 0-0: Ball
1-0: Ball
2-0: Called Strike
2-1: Called Strike
2-2: Foul Ball, location: 2F
2-2: Ball
3-2: Base on Balls
Héctor Heredice to second
Batting: RHB César Jiménez 0-0: Ball
1-0: Swinging Strike
1-1: Foul Ball, location: 2F
1-2: Strikes out swinging
Batting: RHB Augusto Hernández 0-0: Foul Ball, location: 2F
0-1: Foul Ball, location: 2F
0-2: Ball
1-2: Ball
2-2: Ball
3-2: Ground out 4-3 (Groundball, 4, EV 79.4 MPH)
Top of the 8th over - 0 runs, 2 hits, 0 errors, 3 left on base; Alameda 3 - Kingston 2
BOTTOM OF THE 8TH
Kingston Mangos batting - Pitching for Alameda Airmen : LHP Lee Weaver
Now at 2B: Nelson Sánchez
Now in CF: Yosuke Konishi
Batting: LHB Jose Asuncion 0-0: SOLO HOME RUN (Flyball, 9LD, EV 101.2 MPH), Distance : 359 ft
Batting: SHB Miguel Lajara 0-0: Ground out 2-3 (Groundball, 13S, EV 61.9 MPH)
Batting: RHB Harald Tijl 0-0: Called Strike
0-1: Foul Ball, location: 2F
0-2: SINGLE (Line Drive, 6M, EV 97.5 MPH)
Batting: LHB Dong-min Ch'oe 0-0: Ball
1-0: Called Strike
1-1: Foul Ball, location: 2F
1-2: Fielders Choice at 2nd, 4-6 (Groundball, 4D, EV 101.9 MPH)
Batting: RHB Vaclav Steur 0-0: Called Strike
0-1: Reached on error, E1 (Groundball, 34S, EV 90.6 MPH)
Dong-min Ch'oe to second
Batting: RHB Alfredo López 0-0: Ball
1-0: Swinging Strike
1-1: Ball
2-1: Foul Ball, location: 2F
2-2: Fly out, F7 (Flyball, 78M, EV 96.2 MPH)
Bottom of the 8th over - 1 run, 2 hits, 1 error, 2 left on base; Alameda 3 - Kingston 3
TOP OF THE 9TH
Alameda Airmen batting - Pitching for Kingston Mangos : RHP Alfonso Medina
Batting: SHB Jaime Juárez 0-0: Called Strike
0-1: Foul Ball, location: 2F
0-2: Foul Ball, location: 2F
0-2: Ball
1-2: Strikes out swinging
Pinch Hitting: RHB Eric Davis 0-0: Called Strike
0-1: Ball
1-1: Ball
2-1: Foul Ball, location: 2F
2-2: Foul Ball, location: 2F
2-2: Ball
3-2: Foul Ball, location: 2F
3-2: Strikes out swinging
Batting: RHB Yosuke Konishi 0-0: Ball
1-0: Foul Ball, location: 2F
1-1: Swinging Strike
1-2: Strikes out swinging
Top of the 9th over - 0 runs, 0 hits, 0 errors, 0 left on base; Alameda 3 - Kingston 3
BOTTOM OF THE 9TH
Kingston Mangos batting - Pitching for Alameda Airmen : LHP Lee Weaver
Pitching: LHP Aubrey Curry
Now at C: Reynold Jongenelen
Pinch Hitting: RHB Bob Byrd 0-0: Called Strike
0-1: Ball
1-1: Swinging Strike
1-2: Strikes out swinging
Batting: RHB George Lewis 0-0: Ball
1-0: Ball
2-0: Called Strike
2-1: TRIPLE (Line Drive, 78XD, EV 107.5 MPH)
Batting: RHB Banu Judham 0-0: Intentional Walk
Batting: LHB Jose Asuncion 0-0: Ball
1-0: Foul Ball, location: 2F
1-1: Ball
2-1: Called Strike
2-2: Strikes out looking
Batting: SHB Miguel Lajara 0-0: Swinging Strike
0-1: Fly out, F5 (Line Drive, 5, EV 66.2 MPH)
Bottom of the 9th over - 0 runs, 1 hit, 0 errors, 2 left on base; Alameda 3 - Kingston 3
TOP OF THE 10TH
Alameda Airmen batting - Pitching for Kingston Mangos : RHP Alfonso Medina
Pitching: LHP Keith Stinson
Now at C: Jorge Miralles
Batting: LHB Desi Liñares 0-0: Fly out, F5 (Popup, 5, EV 63.8 MPH)
Batting: RHB Roberto Berganza 0-0: Ball
1-0: Foul Ball, location: 2F
1-1: Foul Ball, location: 2F
1-2: Ball
2-2: Foul Ball, location: 2F
2-2: Strikes out swinging, 2-3 out at first.
Batting: RHB Nelson Sánchez 0-0: Fly out, F4 (Popup, 3S, EV 77.5 MPH)
Top of the 10th over - 0 runs, 0 hits, 0 errors, 0 left on base; Alameda 3 - Kingston 3
BOTTOM OF THE 10TH
Kingston Mangos batting - Pitching for Alameda Airmen : LHP Aubrey Curry
Batting: RHB Harald Tijl 0-0: Ball
1-0: Ball
2-0: Ball
3-0: Called Strike
3-1: Reached on error, E9 (Flyball, 9S, EV 95.0 MPH)
Batting: LHB Dong-min Ch'oe 0-0: Bunted foul
0-1: Bunted foul
0-2: Fielders Choice at 2nd, 6-4 (Groundball, 6, EV 88.1 MPH)
Batting: RHB Vaclav Steur 0-0: Ball
1-0: Foul Ball, location: 2F
1-1: Swinging Strike
1-2: Strikes out looking
Batting: RHB Alfredo López 0-0: Ball
1-0: Foul Ball, location: 2F
1-1: Foul Ball, location: 2F
1-2: Ball
2-2: Foul Ball, location: 2F
2-2: Fly out, F3 (Popup, 34S, EV 76.2 MPH)
Bottom of the 10th over - 0 runs, 0 hits, 1 error, 1 left on base; Alameda 3 - Kingston 3
TOP OF THE 11TH
Alameda Airmen batting - Pitching for Kingston Mangos : LHP Keith Stinson
Batting: RHB Millard Morris 0-0: Ball
1-0: Ball
2-0: Ball
3-0: Base on Balls
Batting: RHB César Jiménez 0-0: Called Strike
0-1: Foul Ball, location: 2F
0-2: Ball
1-2: Strikes out looking
Batting: RHB Augusto Hernández 0-0: Swinging Strike
0-1: Ball
1-1: Ball
2-1: Foul Ball, location: 2F
2-2: Strikes out looking
Batting: SHB Jaime Juárez 0-0: Ball
1-0: Swinging Strike
1-1: Ball
2-1: Ground out 5-3 (Groundball, 56S, EV 85.0 MPH)
Top of the 11th over - 0 runs, 0 hits, 0 errors, 1 left on base; Alameda 3 - Kingston 3
BOTTOM OF THE 11TH
Kingston Mangos batting - Pitching for Alameda Airmen : LHP Aubrey Curry
Pitching: LHP Bill Zimmerman
Batting: RHB Jorge Miralles 0-0: Foul Ball, location: 2F
0-1: Foul Ball, location: 2F
0-2: Ground out 4-3 (Groundball, 4S, EV 65.6 MPH)
Batting: RHB George Lewis 0-0: Ball
1-0: Foul Ball, location: 2F
1-1: Ball
2-1: Ball
3-1: Called Strike
3-2: Foul Ball, location: 2F
3-2: Ground out 6-3 (Groundball, 6, EV 85.6 MPH)
Batting: RHB Banu Judham 0-0: Called Strike
0-1: Ground out 1-3 (Groundball, 13, EV 62.5 MPH)
Bottom of the 11th over - 0 runs, 0 hits, 0 errors, 0 left on base; Alameda 3 - Kingston 3
TOP OF THE 12TH
Alameda Airmen batting - Pitching for Kingston Mangos : LHP Keith Stinson
Pitching: LHP José García
Batting: RHB Reynold Jongenelen 0-0: Foul Ball, location: 2F
0-1: Swinging Strike
0-2: Ball
1-2: Strikes out swinging
Batting: RHB Yosuke Konishi 0-0: Fly out, F9 (Flyball, 89M, EV 89.4 MPH)
Batting: LHB Desi Liñares 0-0: Ball
1-0: Swinging Strike
1-1: Ball
2-1: Called Strike
2-2: Fly out, F9 (Line Drive, 9, EV 89.4 MPH)
Top of the 12th over - 0 runs, 0 hits, 0 errors, 0 left on base; Alameda 3 - Kingston 3
BOTTOM OF THE 12TH
Kingston Mangos batting - Pitching for Alameda Airmen : LHP Bill Zimmerman
Pitching: RHP Foster McCoy
Batting: LHB Jose Asuncion 0-0: Called Strike
0-1: Ball
1-1: Ball
2-1: SINGLE (Groundball, 3D, EV 103.1 MPH)
Batting: SHB Miguel Lajara 0-0: Ball
1-0: Fly out, F7 (Flyball, 78S, EV 88.1 MPH)
Batting: RHB Harald Tijl 0-0: Ball
1-0: DOUBLE (Line Drive, 78D, EV 103.1 MPH)
Jose Asuncion to third
Batting: LHB Dong-min Ch'oe 0-0: Ball
1-0: Fly out, F7 (Flyball, 7S, EV 88.1 MPH)
Pinch Hitting: LHB Pikup Andropov 0-0: Intentional Walk
Batting: RHB Alfredo López 0-0: Called Strike
0-1: Ball
1-1: Called Strike
1-2: Ball
2-2: Foul Ball, location: 2F
2-2: Strikes out looking
Bottom of the 12th over - 0 runs, 2 hits, 0 errors, 3 left on base; Alameda 3 - Kingston 3
TOP OF THE 13TH
Alameda Airmen batting - Pitching for Kingston Mangos : LHP José García
Now at 1B: Francisco Alicea
Batting: RHB Roberto Berganza 0-0: Ball
1-0: Ball
2-0: Foul Ball, location: 2F
2-1: Ball
3-1: Base on Balls
Batting: RHB Nelson Sánchez 0-0: Ball
1-0: Called Strike
1-1: Foul Ball, location: 2F
1-2: Ball
2-2: Ball
3-2: SINGLE (Groundball, 56, EV 96.9 MPH)
Roberto Berganza to second
Batting: RHB Millard Morris 0-0: Foul Ball, location: 2F
0-1: Swinging Strike
0-2: Ball
1-2: Strikes out looking
Batting: RHB César Jiménez 0-0: Called Strike
0-1: Foul Ball, location: 2F
0-2: Strikes out swinging
Batting: RHB Augusto Hernández 0-0: Ball
1-0: Foul Ball, location: 2F
1-1: Ball
2-1: Foul Ball, location: 2F
2-2: Foul Ball, location: 2F
2-2: Foul Ball, location: 2F
2-2: Strikes out looking
Top of the 13th over - 0 runs, 1 hit, 0 errors, 2 left on base; Alameda 3 - Kingston 3
BOTTOM OF THE 13TH
Kingston Mangos batting - Pitching for Alameda Airmen : RHP Foster McCoy
Pitching: RHP Mark Edwards
Batting: RHB Jorge Miralles 0-0: Called Strike
0-1: Ground out 5-3 (Groundball, 5L, EV 103.1 MPH)
Batting: RHB George Lewis 0-0: Called Strike
0-1: Ball
1-1: Ball
2-1: Called Strike
2-2: Foul Ball, location: 2F
2-2: Foul Ball, location: 2F
2-2: Strikes out looking
Batting: RHB Banu Judham 0-0: Foul Ball, location: 2F
0-1: Ball
1-1: Swinging Strike
1-2: Foul Ball, location: 2F
1-2: Foul Ball, location: 2F
1-2: Ball
2-2: SINGLE (Groundball, 6M, EV 93.8 MPH) (infield hit)
Batting: LHB Jose Asuncion 0-0: Ball
1-0: Ball
2-0: Called Strike
2-1: Fly out, F7 (Flyball, 78M, EV 94.4 MPH)
Bottom of the 13th over - 0 runs, 1 hit, 0 errors, 1 left on base; Alameda 3 - Kingston 3
TOP OF THE 14TH
Alameda Airmen batting - Pitching for Kingston Mangos : LHP José García
Batting: SHB Jaime Juárez 0-0: Swinging Strike
0-1: Foul Ball, location: 2F
0-2: Foul Ball, location: 2F
0-2: Ball
1-2: Strikes out swinging
Batting: RHB Reynold Jongenelen 0-0: Fly out, F8 (Flyball, 78D, EV 81.2 MPH)
Batting: RHB Yosuke Konishi 0-0: Called Strike
0-1: Foul Ball, location: 2F
0-2: Ground out 6-3 (Groundball, 6, EV 109.4 MPH)
Top of the 14th over - 0 runs, 0 hits, 0 errors, 0 left on base; Alameda 3 - Kingston 3
BOTTOM OF THE 14TH
Kingston Mangos batting - Pitching for Alameda Airmen : RHP Mark Edwards
Batting: SHB Miguel Lajara 0-0: Ball
1-0: Foul Ball, location: 2F
1-1: Ground out 6-3 (Groundball, 6, EV 99.4 MPH)
Batting: RHB Harald Tijl 0-0: Foul Ball, location: 2F
0-1: Called Strike
0-2: Foul Ball, location: 2F
0-2: DOUBLE (Groundball, 5L, EV 106.2 MPH)
Batting: LHB Dong-min Ch'oe 0-0: Intentional Walk
Pitching: RHP Héctor Salazar
Pinch Hitting: LHB Rubén Larreta 0-0: Ball
1-0: Foul Ball, location: 2F
1-1: Called Strike
1-2: Ball
2-2: Strikes out looking
Batting: RHB Alfredo López 0-0: Called Strike
0-1: Called Strike
0-2: Ball
1-2: Strikes out swinging
Bottom of the 14th over - 0 runs, 1 hit, 0 errors, 2 left on base; Alameda 3 - Kingston 3
TOP OF THE 15TH
Alameda Airmen batting - Pitching for Kingston Mangos : LHP José García
Now at 1B: Rodger Parsons
Batting: LHB Desi Liñares 0-0: Ball
1-0: Ball
2-0: Ball
3-0: Base on Balls
Batting: RHB Roberto Berganza 0-0: Ball
1-0: Fly out, F3 (Popup, 3SF, EV 74.4 MPH)
Batting: RHB Nelson Sánchez 0-0: SINGLE (Groundball, 6D, EV 101.2 MPH)
Desi Liñares to second
Batting: RHB Millard Morris 0-0: Ball
1-0: Ball
2-0: SINGLE (Groundball, 56D, EV 96.9 MPH)
Desi Liñares to third
Nelson Sánchez to second
Runner from 3rd tries for Home, SAFE, no throw by LF
Batting: RHB César Jiménez 0-0: Ground out 4-3 (Groundball, 4S, EV 86.9 MPH)
Nelson Sánchez to third
Millard Morris to second
Batting: RHB Augusto Hernández 0-0: Ground out 5-3 (Groundball, 56, EV 100.0 MPH)
Top of the 15th over - 1 run, 2 hits, 0 errors, 2 left on base; Alameda 4 - Kingston 3
BOTTOM OF THE 15TH
Kingston Mangos batting - Pitching for Alameda Airmen : RHP Héctor Salazar
Batting: RHB Jorge Miralles 0-0: Ball
1-0: Swinging Strike
1-1: Foul Ball, location: 2F
1-2: Ground out 4-3 (Groundball, 4, EV 103.8 MPH)
Batting: RHB George Lewis 0-0: SINGLE (Line Drive, 34D, EV 108.1 MPH)
Batting: RHB Banu Judham 0-0: Ball
1-0: Foul Ball, location: 2F
1-1: Foul Ball, location: 2F
1-2: Hit by Pitch
George Lewis to second
Batting: LHB Jose Asuncion 0-0: Called Strike
0-1: Ball
1-1: Fly out, F7 (Line Drive, 7D, EV 96.9 MPH)
Batting: SHB Miguel Lajara 0-0: Called Strike
0-1: Ball
1-1: Foul Ball, location: 2F
1-2: Ball
2-2: Foul Ball, location: 2F
2-2: Ball
3-2: Foul Ball, location: 2F
3-2: Foul Ball, location: 2F
3-2: Strikes out swinging
Bottom of the 15th over - 0 runs, 1 hit, 0 errors, 2 left on base; Alameda 4 - Kingston 3
Friday, March 26th, 2021 - OOTP Baseball 20.8 Build 74